 Dungeon Crawl Stone Soup version 0.26.1-11-gd32895ea62 (webtiles) character file.

Game seed: 7356146638320880001

942 Zeld the Carver (level 8, 0/56 HPs)
             Began as a Human Gladiator on June 5, 2021.
             Slain by a scorpion zombie (4 damage)
             ... in an ossuary.
             The game lasted 00:06:21 (8387 turns).

Zeld the Carver (Human Gladiator)                   Turns: 8387, Time: 00:06:21

Health: 0/56       AC:  5    Str: 16    XL:     8   Next: 34%
Magic:  8/8        EV: 13    Int:  9    God:
Gold:   96         SH:  0    Dex: 15    Spells: 7/7 levels left

rFire    . . .     SeeInvis .   a - +0 long sword
rCold    . . .     Faith    .   (no shield)
rNeg     . . .     Spirit   .   b - +0 leather armour
rPois    .         Reflect  .   c - +0 helmet
rElec    .         Harm     .   l - +0 cloak
rCorr    .         Rampage  .   (no gloves)
Will     .....                  (no boots)
Stlth    +.........             (no amulet)
HPRegen  0.18/turn              (no ring)
MPRegen  0.11/turn              (no ring)

@: lethally poisoned (0 -> -6)
A: no striking features
a: no special abilities


You were in an ossuary.
You visited 2 branches of the dungeon, and saw 7 of its levels.
You also visited: Ossuary.

You collected 264 gold pieces.
You spent 168 gold pieces at shops.

Inventory:

Hand Weapons
 a - a +0 long sword (weapon)
Missiles
 d - 3 throwing nets
 h - 8 boomerangs
 m - 18 poisoned darts (quivered)
Armour
 b - a +0 leather armour (worn)
 c - a +0 helmet (worn)
 l - a +0 cloak (worn)
Wands
 x - a wand of disintegration (11)
Scrolls
 e - 8 scrolls of identify {unknown}
 f - a scroll of enchant weapon {unknown}
 g - 5 scrolls of remove curse {unknown}
 j - 3 scrolls of blinking {unknown}
 k - 2 scrolls of fear {unknown}
 q - 3 scrolls of magic mapping {unknown}
 r - a scroll of amnesia {unknown}
 u - a scroll of fog {unknown}
 w - 2 scrolls of teleportation {unknown}
Potions
 i - 3 potions of brilliance {unknown}
 o - a potion of might {unknown}
 p - 6 potions of curing
 s - a potion of lignification {unknown}
 t - a potion of flight {unknown}
 v - a potion of mutation {unknown}
 z - a potion of haste {unknown}


   Skills:
 - Level 2.0 Fighting
 * Level 9.6 Long Blades
 - Level 2.0 Throwing
 - Level 3.0 Dodging


You had 7 spell levels left.
You didn't know any spells.
Your spell library contained the following spells:

 Spells                   Type           Power        Failure   Level
 Confusing Touch          Hex            0%           83%         3
 Gell's Gravitas          Tloc           0%           83%         3
 Petrify                  Tmut/Erth      0%           99%         4
 Metabolic Englaciation   Hex/Ice        0%           100%        5
 Yara's Violent Unravell  Hex/Tmut       0%           100%        5


Dungeon Overview and Level Annotations

Branches:
Dungeon (6/15)             Temple (1/1) D:6         Ossuary (1/1)

Altars:
Ashenzari
Cheibriados
Dithmenos
Fedhas
Gozag
Hepliaklqana
Kikubaaqudgha
Makhleb
Nemelex Xobeh
Qazlal
Sif Muna
Trog
Uskayaw
Vehumet
Xom

Shops:
D:4 !

Annotations:
D:6 1 runed translucent door, Prince Ribbit; Zeld's ghost, novice OpBr


Message History

You are too injured to fight recklessly!
You are too injured to fight recklessly!
You feel sick. The scorpion zombie barely misses you.
You are too injured to fight recklessly!
You feel sick. The scorpion zombie hits you.
You are too injured to fight recklessly!
You feel sick.
You slash the scorpion zombie!
The scorpion zombie is moderately damaged.
You feel sick. The scorpion zombie hits you.
* * * LOW HITPOINT WARNING * * *
You completely miss the scorpion zombie.
The scorpion zombie is moderately damaged.
The scorpion zombie hits you.
* * * LOW HITPOINT WARNING * * *
You hit the scorpion zombie.
The scorpion zombie is heavily damaged.
* * * LOW HITPOINT WARNING * * *
You feel sick. The scorpion zombie hits you.
You die...

..
##########'##
#...#...#.?!#
#...8...#!.!#
#.......#Z?!#
##8...8######
#.....@Z#^^^#
#...8...'^^^#
#...#...#^^^#
##+ ######'##
#...#...#
#...8...#
#.......#
##8...8##
#.......#


You could see a scorpion zombie.

Vanquished Creatures
  A black bear (D:6)
  A phantom (D:6)
  A bullfrog (Temple)
  3 scorpions
  2 jellies (D:5)
  2 orc priests (D:4)
  A hound (D:3)
  An orc wizard (D:4)
  2 iguanas
  3 worker ants
  A worker ant zombie (D:5)
  12 adders
  A white imp (D:5)
  An adder skeleton (D:4)
  4 worms
  3 dart slugs
  4 leopard geckos
  13 orcs
  4 ball pythons
  7 bats
  4 giant cockroaches (D:2)
  6 goblins
  3 hobgoblins
  5 jackals
  9 kobolds
  4 quokkas
  4 frilled lizards
  A goblin zombie (Ossuary)
  A jackal skeleton (D:6)
  2 kobold zombies (Ossuary)
  An orc zombie (Ossuary)
  10 rats
117 creatures vanquished.

Notes
Turn   | Place    | Note
-------+----------+-------------------------------------------
     0 | D:1      | Zeld the Human Gladiator began the quest for the Orb.
     0 | D:1      | Reached XP level 1. HP: 16/16 MP: 1/1
   343 | D:1      | Reached XP level 2. HP: 21/22 MP: 2/2
   989 | D:2      | Reached skill level 4 in Long Blades
   989 | D:2      | Reached XP level 3. HP: 17/27 MP: 3/3
  1227 | D:2      | Reached XP level 4. HP: 27/33 MP: 4/4
  1540 | D:2      | Reached skill level 5 in Long Blades
  1695 | D:2      | Found a hazy altar of Hepliaklqana.
  1737 | D:2      | Found a faded altar of an unknown god.
  1784 | D:2      | Reached XP level 5. HP: 19/38 MP: 5/5
  2616 | D:3      | Found a radiant altar of Vehumet.
  2648 | D:3      | Reached skill level 6 in Long Blades
  3115 | D:3      | Reached XP level 6. HP: 38/44 MP: 6/6
  4380 | D:4      | Reached skill level 7 in Long Blades
  4626 | D:4      | Found Lesch's Distillery.
  4630 | D:4      | Bought a potion of curing for 36 gold pieces
  4630 | D:4      | Bought a potion of heal wounds for 60 gold pieces
  4630 | D:4      | Bought a potion of curing for 36 gold pieces
  4630 | D:4      | Bought a potion of curing for 36 gold pieces
  4725 | D:4      | Reached XP level 7. HP: 39/50 MP: 7/7
  4816 | D:4      | Found a bloodstained altar of Trog.
  5483 | D:5      | Entered Level 5 of the Dungeon
  5806 | D:5      | Found a shimmering blue altar of Sif Muna.
  5981 | D:5      | Reached skill level 8 in Long Blades
  6413 | D:5      | You fall into a shaft and drop 1 floor!
  6465 | D:6      | Noticed Prince Ribbit
  6582 | D:6      | Found a staircase to the Ecumenical Temple.
  6591 | Temple   | Entered the Ecumenical Temple
  6886 | D:6      | Found a runed translucent door.
  6894 | D:6      | Noticed Zeld's ghost (novice OpBr)
  6904 | D:6      | Reached skill level 9 in Long Blades
  6904 | D:6      | Reached XP level 8. HP: 51/56 MP: 8/8
  7070 | D:6      | Found a sand-covered staircase.
  7074 | Ossuary  | Entered an ossuary
  8387 | Ossuary  | Slain by a scorpion zombie

Illustrated notes

Levels and vault maps discovered:
D:1:      psy_arrival_basics, layout_basic, serial_bayou_pond_a,
          hangedman_feature_mirror
D:2:      layout_basic, lemuel_crystal_altar, chequers_ecumenical_altar_simple,
          minmay_randomly_rotated_circles
D:3:      layout_rooms, vehumet_crystals
D:4:      layout_basic, serial_shops, shop_fountains, st_stairs_6, minivault_24,
          trog_three_pillars_becter
D:5:      minmay_general_purpose_star, layout_loops_ring, lemuel_doored_altar
D:6:      layout_loops_cross, lemuel_coloured_pillars_altar,
          minmay_temple_entry_arrows, ebering_ghost_sewer_d, enter_ossuary_5,
          uniq_prince_ribbit1
Temple:   jpeg_temple_clearing
Ossuary:  ossuary_minmay_scorpions

Skill      XL: |  1  2  3  4  5  6  7 |
---------------+----------------------+-----
Long Blades    | 4 5 6 7 9 |  9.6
Fighting       | |  2.0
Throwing       | |  2.0
Dodging        | |  3.0

Action                   |  1- 3 |  4- 6 |  7- 9 || total
-------------------------+-------+-------+-------++-------
Melee: Long sword        |    44 |   216 |   190 ||   450
  Use: Potion            |       |       |     2 ||     2
 Stab: Sleeping          |     1 |       |       ||     1
Armor: Leather armour    |    22 |    63 |    51 ||   136
Dodge: Dodged            |    65 |   185 |   137 ||   387
       Rpst.: Long sword |    26 |    54 |    44 ||   124
